 Dungeon Crawl Stone Soup version 0.30.0-15-g856e2d3f33 (webtiles) character file.

Game seed: 5484636017992014534

592 qw the Trooper (level 7, -3/44 HPs)
             Began as a Gargoyle Fighter on May 18, 2023.
             Slain by Duvessa
             ... wielding a +0 rapier
              (7 damage)
             ... on level 5 of the Dungeon.
             The game lasted 00:01:46 (3728 turns).

qw the Trooper (Gargoyle Fighter)                   Turns: 3728, Time: 00:01:47

Health: -3/44      AC: 13    Str: 22      XL:     7   Next: 39%
Magic:  0/7        EV:  7    Int:  5 (8)  God:
Gold:   168        SH:  8    Dex:  9      Spells: 6/6 levels left

rFire   . . .        Y - +0 war axe
rCold   . . .        n - +0 kite shield
rNeg    + . .        f - +0 chain mail
rPois   inf          (no helmet)
rElec   +            (no cloak)
rCorr   .            (no gloves)
SInv    .            (no boots)
Will    .....        h - amulet of guardian spirit Stlth
                     (no ring)
HPRegen 0.27/turn    (no ring)
MPRegen 0.10/turn

%: guardian spirit
@: marked
A: sickness immunity, AC +4, negative energy resistance 1, electricity
resistance, torment resistance 1, petrification resistance
a: no special abilities


You were on level 5 of the Dungeon.
You visited 1 branch of the dungeon, and saw 5 of its levels.

You collected 168 gold pieces.


Innate Abilities, Weirdness & Mutations

You are immune to sickness and miasma.
Your stone body is resilient. (AC +4)
You are immune to poison.
You resist negative energy. (rN+)
You are resistant to electric shocks. (rElec)
You are resistant to unholy torment.
You are immune to petrification.


   Skills:
 - Level 5.5 Fighting
 - Level 5.3 Axes
 - Level 3.2 Armour
 + Level 4.9 Shields


You had 6 spell levels left.
You didn't know any spells.
Your spell library was empty.

Inventory:

Hand Weapons
 b - a +0 flail
 Y - a +0 war axe (weapon)
Armour
 f - a +0 chain mail (worn)
 n - a +0 kite shield (worn)
Jewellery
 h - an amulet of guardian spirit (around neck)
Scrolls
 m - a scroll of identify
Potions
 a - a potion of attraction
 d - 3 potions of might
 e - a potion of resistance
 i - a potion of curing
 k - 2 potions of haste
 l - 2 potions of mutation

Dungeon Overview and Level Annotations

Branches:
Dungeon (5/15)
 Temple: D:4-7

Altars:
Kikubaaqudgha
Vehumet

Annotations:
D:3 1 runed translucent door, Crazy Yiuf
D:5 Dowan, Duvessa


Message History

The gnoll hits you but does no damage. x2; You block Duvessa's attack.
The grasping roots constrict you.
The grasping roots release their grip on you.
You hit the gnoll.
You kill the gnoll!
You hit Duvessa. You block Duvessa's attack.
An iguana comes into view.
You block the gnoll's attack.
Duvessa zaps a wand.
The roots erupt in riotous growth!
The grasping roots grab you!
Dowan is unaffected.
Duvessa is unaffected.
The grasping roots constrict you. Dowan hits you but does no damage.
The gnoll hits you but does no damage.
You barely miss Duvessa.
Duvessa is severely wounded.
You closely miss Dowan. Duvessa hits you with a +0 rapier!
The grasping roots constrict you. Dowan hits you but does no damage.
The gnoll hits you from afar with a +0 spear.
You hit Duvessa.
Duvessa is severely wounded.
You closely miss Dowan.
Duvessa drinks a potion.
Duvessa is healed!
The grasping roots constrict you. The gnoll barely misses you.
Dowan casts a spell.
Dowan blinks!
The grasping roots release their grip on you.
You hit Duvessa but do no damage.
Duvessa is moderately wounded.
Duvessa hits you with a +0 rapier!
The gnoll hits you from afar with a +0 spear.
Dowan casts a spell at Duvessa.
Duvessa seems to speed up.
You block Duvessa's attack.
The iguana bites you but does no damage.
You block the gnoll's attack.
You completely miss Duvessa.
Duvessa is moderately wounded.
You barely miss the iguana. Duvessa hits you with a +0 rapier!
You die...

## ######## #.# #......#
##..#### #>.....#
.......######....e.#
.......#...........######.
...............<..........
.......######......######.
...........####e@###
.......###.# #l## ..<....#
#g. ##..#.## #g.. #..#.#
#l... #..#.# .....$ #..#.#
.#.e... #..#>. . .>e...
#.!###


You could see Duvessa (fast), Dowan, 2 iguanas and 2 gnolls.

Vanquished Creatures
  Grinder (D:3)
  A jelly (D:4)
  An orc priest (D:4)
  Jessica (D:3)
  2 orc wizards (D:4)
  A statue (D:3)
  9 gnolls
  7 adders
  A shadow imp (D:5)
  A worm (D:4)
  6 orcs
  8 bats
  4 endoplasms
  2 giant cockroaches
  8 goblins
  5 hobgoblins
  3 jackals (D:2)
  4 kobolds
  3 quokkas
  7 ball pythons
  A frilled lizard (D:2)
  6 rats
82 creatures vanquished.

Notes
Turn   | Place    | Note
-------+----------+-------------------------------------------
     0 | D:1      | qw the Gargoyle Fighter began the quest for the Orb.
     0 | D:1      | Reached XP level 1. HP: 14/14 MP: 1/1
     0 | D:1      | 0 ||| qw: Version: 0.2-a-96-gf055678
     0 | D:1      | 0 ||| qw: Game counter: 83
     0 | D:1      | 0 ||| qw: Always use a shield: true
     0 | D:1      | 0 ||| qw: God list: Okawaru
     0 | D:1      | 0 ||| qw: Allow faded altars: false
     0 | D:1      | 0 ||| qw: Do Orc after D:15 true
     0 | D:1      | 0 ||| qw: Do second Lair branch before Depths: true
     0 | D:1      | 0 ||| qw: Lair rune preference: random
     0 | D:1      | 0 ||| qw: Plans: Normal, Zot:1-4, God:TSO, Crypt, Tomb,
                  | Pan, Slime:5, Hells, Abyss, Win
     0 | D:1      | 0 ||| PLANNING D:1-11
     2 | D:1      | Noticed an elf
     2 | D:1      | Noticed a human
     4 | D:1      | Noticed a naga
     4 | D:1      | Noticed a troll
     7 | D:1      | Noticed a demigod
     7 | D:1      | Noticed a merfolk
     9 | D:1      | Noticed a minotaur
     9 | D:1      | Noticed a felid
    11 | D:1      | Noticed a draconian
    11 | D:1      | Noticed a formicid
    13 | D:1      | Noticed a meteoran
    13 | D:1      | Noticed a vine stalker
    15 | D:1      | Noticed a gargoyle
    15 | D:1      | Noticed a demonspawn
    17 | D:1      | Noticed a tengu
    17 | D:1      | Noticed a spriggan
    21 | D:1      | Noticed an armataur
    23 | D:1      | Noticed an octopode
    23 | D:1      | Noticed a ghoul
    25 | D:1      | Noticed a formicid
    25 | D:1      | Noticed a vampire
    27 | D:1      | Noticed an elf
   121 | D:1      | Reached XP level 2. HP: 17/19 MP: 2/2
   711 | D:1      | 711 ||| UPGRADING to +0 chain mail.
   721 | D:1      | 721 ||| DROPPING +0 scale mail.
   722 | D:1      | 722 ||| UPGRADING to amulet of guardian spirit.
   727 | D:1      | 727 ||| READING scroll labelled EJUHEJ NUN.
   728 | D:1      | 728 ||| DRINKING 3 purple potions.
   745 | D:2      | 745 ||| Stepping ~*~*~tactically~*~*~ (hiding).
   751 | D:2      | Reached skill level 3 in Axes
   751 | D:2      | Reached XP level 3. HP: 22/23 MP: 3/3
   776 | D:2      | Reached XP level 4. HP: 10/28 MP: 1/4
   815 | D:2      | 815 ||| Stepping ~*~*~tactically~*~*~ (stealth).
   851 | D:2      | 851 ||| DROPPING +0 whip.
   852 | D:2      | 852 ||| DROPPING +0 club.
   923 | D:2      | 923 ||| Stepping ~*~*~tactically~*~*~ (stealth).
  1133 | D:2      | 1133 ||| Stepping ~*~*~tactically~*~*~ (stealth).
  1134 | D:2      | 1134 ||| Stepping ~*~*~tactically~*~*~ (stealth).
  1457 | D:2      | Reached XP level 5. HP: 22/32 MP: 3/5
  1705 | D:2      | 1705 ||| READING scroll labelled ORAORY NANWOC.
  1706 | D:2      | 1706 ||| READING scroll labelled RIOSEG JONNI.
  1711 | D:2      | 1711 ||| READING scroll labelled DIESABB ELESI.
  1712 | D:2      | 1712 ||| DRINKING 2 brown potions.
  1770 | D:3      | 1770 ||| Stepping ~*~*~tactically~*~*~ (stealth).
  1771 | D:3      | 1771 ||| Stepping ~*~*~tactically~*~*~ (stealth).
  1994 | D:3      | Found a runed translucent door.
  1995 | D:3      | Noticed Crazy Yiuf
  2068 | D:3      | 2068 ||| Stepping ~*~*~tactically~*~*~ (stealth).
  2070 | D:3      | 2070 ||| Stepping ~*~*~tactically~*~*~ (stealth).
  2082 | D:3      | Noticed Grinder
  2083 | D:3      | 2083 ||| Stepping ~*~*~tactically~*~*~ (stealth).
  2090 | D:3      | 2090 ||| Stepping ~*~*~tactically~*~*~ (hiding).
  2106 | D:3      | HP: 8/32 [Grinder/nerve-wracking pain (2)]
  2107 | D:3      | Killed Grinder
  2108 | D:3      | Reached XP level 6. HP: 10/40 MP: 1/6
  2300 | D:3      | Noticed Jessica
  2306 | D:3      | Killed Jessica
  2363 | D:3      | Found an ancient bone altar of Kikubaaqudgha.
  2512 | D:3      | Found a radiant altar of Vehumet.
  2731 | D:3      | Identified the +2 robe "Ecingyix" {Int+2}
  2867 | D:3      | 2867 ||| UPGRADING to +0 kite shield.
  2877 | D:3      | 2877 ||| DROPPING +0 buckler.
  2878 | D:3      | 2878 ||| READING scroll labelled NAP ORCHUUPT.
  2879 | D:3      | 2879 ||| READING 5 scrolls labelled SIJAYS USANN.
  2880 | D:3      | 2880 ||| DRINKING 2 metallic red potions.
  2881 | D:3      | 2881 ||| DRINKING 3 bubbling amethyst potions.
  2882 | D:3      | 2882 ||| READING 4 scrolls of identify.
  2882 | D:3      | 2882 ||| IDENTIFYING sapphire potion
  2883 | D:3      | 2883 ||| READING 3 scrolls of identify.
  2883 | D:3      | 2883 ||| IDENTIFYING viscous clear potion
  2884 | D:3      | 2884 ||| DROPPING potion of degeneration.
  2885 | D:3      | 2885 ||| DROPPING potion of flight.
  2943 | D:4      | Reached XP level 7. HP: 44/44 MP: 7/7
  3240 | D:4      | 3240 ||| Stepping ~*~*~tactically~*~*~ (hiding).
  3241 | D:4      | 3241 ||| Stepping ~*~*~tactically~*~*~ (hiding).
  3243 | D:4      | 3243 ||| Stepping ~*~*~tactically~*~*~ (hiding).
  3244 | D:4      | 3244 ||| Stepping ~*~*~tactically~*~*~ (hiding).
  3247 | D:4      | 3247 ||| Stepping ~*~*~tactically~*~*~ (hiding).
  3508 | D:4      | 3508 ||| Stepping ~*~*~tactically~*~*~ (hiding).
  3512 | D:4      | 3512 ||| DRINKING 2 potions of curing.
  3512 | D:4      | 3512 ||| (to cure confusion)
  3675 | D:4      | 3675 ||| READING 2 scrolls of identify.
  3675 | D:4      | 3675 ||| IDENTIFYING dark potion
  3691 | D:5      | Entered Level 5 of the Dungeon
  3706 | D:5      | Noticed Duvessa
  3706 | D:5      | Noticed Dowan
  3707 | D:5      | 3707 ||| Stepping ~*~*~tactically~*~*~ (hiding).
  3709 | D:5      | 3709 ||| Stepping ~*~*~tactically~*~*~ (hiding).
  3727 | D:5      | HP: 7/44 [Duvessa/+0 rapier (8)]
  3728 | D:5      | Slain by Duvessa

Levels and vault maps discovered:
D:1:      kb_arrival_jail, layout_basic, bh_walls_and_bars
D:2:      layout_loops_ring, serial_aquarium, aquarium_bridge_straight
          [aquarium_subvault_bridge, aquarium_subvault_window,
          aquarium_subvault_bridge, aquarium_subvault_balcony],
          aquarium_window_fake, aquarium_window_fake, aquarium_window_1,
          aquarium_window_fake, aquarium_view_2g, aquarium_balcony_3a
D:3:      layout_loops_corners, vehumet_statue, lemuel_crystal_altar,
          st_stairs_14, guppyfry_early_orc_mine, uniq_crazy_yiuf_cottage,
          uniq_jessica, uniq_grinder
D:4:      layout_gridville
D:5:      minmay_evil_eye, layout_rooms, mainiacjoe_overflow_divided_tiny,
          uniq_duvessa

Skill      XL: |  1  2  3  4  5  6  7 |
---------------+----------------------+-----
Axes           | 2 3 4 5 |  5.3
Fighting       | 5 |  5.5
Shields        | 4 |  4.9
Armour         | |  3.2

Action                     |  1- 3 |  4- 6 |  7- 9 || total
---------------------------+-------+-------+-------++-------
  Melee: War axe           |    64 |   155 |    60 ||   279
    Use: Scroll            |     1 |     7 |     1 ||     9
         Potion            |     1 |     3 |     1 ||     5
 Armour: Scale mail        |    15 |       |       ||    15
         Chain mail        |     8 |    82 |    31 ||   121
  Dodge: Dodged            |    22 |    77 |     9 ||   108
  Block: Buckler           |     7 |    28 |       ||    35
         Kite shield       |       |     5 |    26 ||    31

Table legend:
 A = Non-vault XP
 B = Vault XP
 C = Vault XP percentage of total XP
 D = Non-vault monster count
 E = Vault monster count
 F = Vault count percentage of total count
                 A         B        C        D         E       F
            +---------+---------+-------+---------+---------+-------
      Total |     467 |     380 |  44.9 |      71 |      11 |  13.4
            +---------+---------+-------+---------+---------+-------
        D:1 |      29 |       0 |   0.0 |      18 |       0 |   0.0
        D:2 |     162 |       0 |   0.0 |      24 |       0 |   0.0
        D:3 |      31 |     380 |  92.5 |      12 |      11 |  47.8
        D:4 |     205 |       0 |   0.0 |      14 |       0 |   0.0
        D:5 |      40 |       0 |   0.0 |       3 |       0 |   0.0
            +---------+---------+-------+---------+---------+-------
